[Event "*** Titled Tuesday Blitz"]
[Site "Chess.com"]
[Date "2021.02.09"]
[Round "9"]
[White "GoltsevDmitry2000"]
[Black "ChristopherYoo"]
[Result "1/2-1/2"]
[WhiteElo "2735"]
[BlackElo "2872"]
[TimeControl "180+1"]
[EndTime "11:47:12 PST"]
[Termination "Game drawn - insufficient material"]

1. c4 e6 2. g3 d5 3. Bg2 Nf6 4. Nc3 Be7 5. d4 O-O 6. Nf3 b6 7. Ne5 Bb7 8. O-O Nbd7 9. Qa4 c5 10. Nxd7 Nxd7 11. cxd5 cxd4 12. Qxd4 Bf6 13. Qd1 Bxc3 14.
bxc3 Bxd5 15. Bxd5 exd5 16. Qxd5 Re8 17. Rd1 Nc5 18.
Qxd8 Raxd8 19. Rxd8 Rxd8 20. Be3 Ne4 21. c4 f6 22. Rc1 Re8 23. Kf1 Kf7 24. c5 bxc5 25. Bxc5 a5 26. Be3 Re5 27. Rc7+ Kg6 28. Kg2 h5 29. h4 Rd5 30. Ra7 Nc3 31. Bb6 a4 32. e3 Rd1 33. Bd4 Ne4 34. Kf3 Nd6 35. Rxa4 Rd2 36. Ra6 Nf5 37. Bc5 Nh6 38. a4 Ng4 39. e4 Rc2 40. Be3 Rc4 41. a5 Ne5+ 42. Kg2 Rxe4 43. Re6 Ra4 44. a6 Kf5 45. Rb6 Nc4 46. Rb7 Nxe3+ 47. fxe3 Rxa6 48. Rxg7 Ke4 49. Re7+ Kf5 50. Kf3 Kg6 51. Kf4 Ra4+ 52. Re4 Ra1 53. Rb4 Rf1+ 54. Ke4 Rg1 55. Kf3 Rf1+ 56. Kg2 Re1 57. Kf2 Ra1 58. Rb2 Rc1 59. Rd2 Ra1 60. Kf3 Rf1+ 61. Kg2 Re1 62. Kf2 Rh1 63. Rd8 Rh2+ 64.
Kf3 Rh1 65. e4 Rf1+ 66. Ke2 Ra1 67. Rd6 Ra2+ 68. Kf3 Ra3+ 69. Kg2 Ra2+ 70. Kh3 Re2 71. Rd4 Kf7 72. Ra4 Kg6 73. Rb4 Kf7 74. g4 Re3+ 75.
Kg2 hxg4 76. h5 Kg7 77. Rb5 Kh6 78. Rf5 Rxe4 79. Kg3 Kg7 80. Kh4 Kf7 81. Ra5 Kg7 82. Rf5 Rd4 83. Rb5 Rf4 84. Rb8 f5 85. Kg5 Ra4 86.
Rb7+ Kg8 87. Kxf5 Ra6 88. Kxg4 Kh8 89. Rb4 Kg8 90. Kg5 Kh8 91. Rb5 Kg8 92. Kg4 Kh8 93. Kh4 Kg8 94. Rf5 Kh8 95. Kg5 Kg8 96. Rf6 Rxf6 97.
Kxf6 Kh7 98. h6 Kxh6 1/2-1/2

[Event "*** Titled Tuesday Blitz"]
[Site "Chess.com"]
[Date "2021.02.09"]
[Round "9"]
[White "Gusarov91"]
[Black "ljuks68"]
[Result "1/2-1/2"]
[WhiteElo "2243"]
[BlackElo "2378"]
[TimeControl "180+1"]
[EndTime "11:47:41 PST"]
[Termination "Game drawn by stalemate"]

1. d4 d5 2. Nf3 Nf6 3. c4 c6 4.
Nc3 dxc4 5. a4 Bf5 6. e3 e6 7. Bxc4 Bb4 8. O-O Nbd7 9. Qe2 O-O 10. e4 Bg4 11. e5 Nd5 12. Nxd5 exd5 13. Bd3 f6 14.
exf6 Qxf6 15. Qc2 h6 16. Ne5 Nxe5 17. dxe5 Qxe5 18. Qb3 Bd6 19. g3 Bh3 20. Rd1 Rf7 21. Be3 Raf8 22. Bg6 Rxf2 23. Bxf2 Rxf2 24. Kxf2 Bc5+ 25.
Kf3 Qf6+ 26. Ke2 Qxg6 27. Qd3 Bf5 28. Qc3 Bg4+ 29. Kd2 Qg5+ 30. Kc2 Bxd1+ 31. Rxd1 Bd6 32. Kb3 Be5 33. Qd3 Bf6 34. Ka2 Qe5 35. Rd2 d4 36. Re2 Qd5+ 37. Qb3 Qxb3+ 38. Kxb3 Kf7 39. Kc4 Kg6 40. b4 Kf5 41. h3 Be5 42. g4+ Ke6 43. b5 Kd6 44. bxc6 bxc6 45. Rf2 Bf6 46. Rf5 Kc7 47.
Kc5 Kb7 48. Rf4 Kc7 49. Re4 Kb7 50. Re6 d3 51. Re3 d2 52. Rd3 Bg5 53. h4 Bf4 54.
Kc4 Kb6 55. Kb3 Ka5 56. Rd7 c5 57. Kc2 Be5 58. Rxa7+ Kb4 59. Kxd2 c4 60. Kc2 c3 61. a5 Kb5 62. a6 Kb6 63. Re7 Bf6 64. Re6+ Ka7 65. h5 Bd4 66. Re7+ Kxa6 67. Re4 Bf6 68. Rb4 Ka5 69. Rb8 Ka6 70. Rb1 Ka7 71. Kd3 Ka6 72. Kc4 Ka7 73. Kc5 Ka6 74. Kc6 Ka5 75. Kc5 Ka4 76.
Kc4 Ka3 77. Kd3 Ka2 78. Kc2 Ka3 79. Rb7 Ka4 80. Rf7 Ka5 81. g5 Bxg5 82. Rxg7 Bd2 83.
Rg6 Kb5 84. Rd6 Kc5 85. Rd7 Kc6 86. Rd3 Kc5 87. Rd8 Kc6 88. Kd3 Kc5 89. Rc8+ Kd6 90. Ra8 Ke5 91. Ra5+ Kf4 92. Rb5 Kg4 93. Kc2 Kh4 94. Rc5 Kg4 95. Rd5 Kh4 96. Kd1 Kg4 97. Ke2 Kh4 98. Rc5 Kg4 99. Kf2 Kh4 100. Kf3 Kh3 101. Rc4 Kh2 102. Kg4 Kg1 103. Kf5 Kf1 104. Kg6 Ke1 105. Re4+ Kd1 106. Rc4 c2 107. Rxc2 Kxc2 108. Kf5 Kd1 109. Kg4 Ke1 110. Kh3 Kf1 111. Kh2 Bf4+ 112. Kh1 Be5 1/2-1/2

[Event "*** Titled Tuesday Blitz"]
[Site "Chess.com"]
[Date "2021.02.09"]
[Round "9"]
[White "Rytenko_V"]
[Black "Cuajada_Zero"]
[Result "0-1"]
[WhiteElo "2389"]
[BlackElo "2204"]
[TimeControl "180+1"]
[EndTime "11:47:45 PST"]
[Termination "Cuajada_Zero won on time"]

1. d4 Nf6 2. c4 e6 3. Nc3 Bb4 4.
Bd2 d5 5. e3 O-O 6. Nf3 b6 7.
cxd5 exd5 8. Bd3 Bb7 9. O-O Nbd7 10. Rc1 a6 11. Qc2 Bd6 12. e4 dxe4 13. Nxe4 Nxe4 14.
Bxe4 Bxe4 15. Qxe4 Nf6 16. Qh4 h6 17. Rfd1 Nd5 18.
Qe4 Re8 19. Qg4 Qf6 20. Re1 a5 21. Nh4 Bf4 22. Bxf4 Qxf4 23. Qxf4 Nxf4 24. Rxe8+ Rxe8 25. Kf1 Nd3 26. Rb1 Rd8 27. Nf3 Nb4 28. a3 Nc6 29.
Rd1 Ne7 30. Ke2 Nd5 31. g3 f6 32. Kd3 Kf7 33. Rc1 Rd7 34. Nd2 Ne7 35. Ke3 Nf5+ 36. Kf3 Nxd4+ 37. Kg2 Ne6 38. Ne4 c5 39. h4 Nd4 40. Nc3 Nb3 41. Re1 Rd2 42. Na4 Nd4 43. Nxb6 Rxb2 44. Nd5 Ne6 45. Rc1 Ra2 46.
Rc3 a4 47. Nb6 Rb2 48. Nxa4 Rb5 49. f4 h5 50. f5 Nd4 51. Nxc5 Rb2+ 52. Kf1 Nxf5 53.
Ne4 Ra2 54. Rc7+ Kg6 55. Ra7 Ne3+ 56. Ke1 Nc2+ 57. Kd1 Rxa3 58. Rc7 Ne3+ 59. Ke2 Nf5 60. Rd7 Nxg3+ 61. Nxg3 Rxg3 62. Kf2 Rg4 63. Kf3 Rxh4 64. Re7 Rg4 65. Re2 Rg5 66. Rh2 Rf5+ 67. Kg3 Ra5 68. Rd2 Kg5 69. Rd7 g6 70. Rd3 f5 71. Kh3 Ra4 72.
Rg3+ Rg4 73. Rb3 Ra4 74. Rc3 f4 75. Rc5+ Kh6 76. Rc6 Rd4 77. Rc5 Rd3+ 78. Kg2 h4 79. Rc6 Kh5 80. Kh2 g5 81. Rc8 Kg4 82. Rc2 Re3 83. Rg2+ Rg3 84. Rf2 Rh3+ 85. Kg2 Rg3+ 86. Kh2 Ra3 87. Rg2+ Kf5 88. Rc2 f3 89. Kh3 Re3 90.
Rc5+ Re5 91. Rc2 g4+ 92. Kxh4 Kf4 93. Rc4+ Re4 94. Rc2 Re2 95. Rc4+ Re4 96. Rc2 g3 97. Kh3 Re2 98. Rc4+ Ke3 99. Kxg3 Rg2+ 100. Kh3 Rg8 101. Rc7 Rg5 102. Re7+ Kf4 0-1

[Event "*** Titled Tuesday Blitz"]
[Site "Chess.com"]
[Date "2021.02.09"]
[Round "10"]
[White "Nachsueb"]
[Black "northridgehawk"]
[Result "0-1"]
[WhiteElo "2180"]
[BlackElo "2335"]
[TimeControl "180+1"]
[EndTime "11:49:34 PST"]
[Termination "northridgehawk won by resignation"]

1. d4 Nf6 2. c4 g6 3. Nc3 d5 4. e4 dxe4 5. Bg5 c5 6. Bxf6 exf6 7.
Nxe4 cxd4 8. Nf3 Nc6 9. c5 f5 10. Nd6+ Bxd6 11. cxd6 Qxd6 12. Bb5 Qb4+ 0-1

[Event "*** Titled Tuesday Blitz"]
[Site "Chess.com"]
[Date "2021.02.09"]
[Round "10"]
[White "TheSodabread"]
[Black "Dahamdi_Sanudula"]
[Result "1-0"]
[WhiteElo "2109"]
[BlackElo "1754"]
[TimeControl "180+1"]
[EndTime "11:50:05 PST"]
[Termination "TheSodabread won by resignation"]

1. d4 Nf6 2. Nc3 e6 3. e4 d5 4. e5 Nfd7 5. Nf3 c5 6. Bg5 Be7 7.
Bxe7 Qxe7 8. Nb5 Na6 9. Nd6+ Kd8 10. Bxa6 bxa6 11. Ng5 Rf8 12. Nxh7 Rh8 13. Ng5 Rf8 14. Qd2 Nb6 15. dxc5 Nc4 16. Nxc4 Qxc5 17. Nd6 1-0

[Event "*** Titled Tuesday Blitz"]
[Site "Chess.com"]
[Date "2021.02.09"]
[Round "10"]
[White "Chuchofrio1"]
[Black "GameOverBro"]
[Result "0-1"]
[WhiteElo "2301"]
[BlackElo "2425"]
[TimeControl "180+1"]
[EndTime "11:50:34 PST"]
[Termination "GameOverBro won by checkmate"]

1. e4 d6 2. d4 Nf6 3. Nc3 e5 4. Nf3 Nbd7 5. Bc4 Be7 6. O-O c6 7. dxe5 dxe5 8. Be3 Qc7 9. Ng5 O-O 10. f4 b5 11. Bd3 h6 12. Nh3 Bc5 13. Qe2 Qb6 14. Rf3 Ng4 15. Bxc5 Nxc5 16. f5 Nxd3+ 17. Kf1 Nxh2# 0-1

[Event "*** Titled Tuesday Blitz"]
[Site "Chess.com"]
[Date "2021.02.09"]
[Round "10"]
[White "canary2016"]
[Black "niki_2003"]
[Result "1-0"]
[WhiteElo "1985"]
[BlackElo "2021"]
[TimeControl "180+1"]
[EndTime "11:50:45 PST"]
[Termination "canary2016 won by resignation"]

1. d4 Nf6 2. Bf4 e6 3. e3 b6 4. c4 Bb7 5. Nf3 Bb4+ 6. Nc3 O-O 7. Qb3 Bxc3+ 8. Qxc3 Ne4 9. Qc2 d5 10. cxd5 Bxd5 11.
Bxc7 Qc8 12. Rc1 Nc6 13. Bg3 f5 14. Bb5 Nb4 15. Qxc8 Raxc8 16. Rxc8 Rxc8 17. O-O a6 18. Bd7 Rd8 19. Ne5 Nxa2 20. Ra1 b5 21. Bc6 Bxc6 22.
Nxc6 Rd7 23. Rxa2 Nxg3 24. hxg3 Rc7 25. Rxa6 1-0

[Event "*** Titled Tuesday Blitz"]
[Site "Chess.com"]
[Date "2021.02.09"]
[Round "10"]
[White "onetowin"]
[Black "LenkaPtacnikova"]
[Result "1-0"]
[WhiteElo "2026"]
[BlackElo "2118"]
[TimeControl "180+1"]
[EndTime "11:50:47 PST"]
[Termination "onetowin won by resignation"]

1. d4 Nf6 2. Nf3 e6 3. g3 c5 4. Bg2 Be7 5. O-O O-O 6. c4 cxd4 7. Nxd4 Nc6 8. Nc3 a6 9. e4 Qc7 10. Be3 d6 11. Qe2 Ne5 12. b3 b5 13. f4 b4 14.
Na4 Nc6 15. Nxc6 Qxc6 16. e5 d5 17. exf6 Bxf6 18. Rac1 1-0

[Event "*** Titled Tuesday Blitz"]
[Site "Chess.com"]
[Date "2021.02.09"]
[Round "10"]
[White "sergeikim"]
[Black "elohunter1999"]
[Result "1/2-1/2"]
[WhiteElo "2430"]
[BlackElo "2635"]
[TimeControl "180+1"]
[EndTime "11:51:02 PST"]
[Termination "Game drawn by repetition"]

1. d4 Nf6 2. c4 e6 3. Nc3 c5 4.
d5 exd5 5. cxd5 d6 6. e4 g6 7. Nge2 Bg7 8. Ng3 O-O 9. Be2 h5 10. Bg5 a6 11. a4 Nbd7 12. Qd2 Qa5 13. O-O Re8 14. f4 Nh7 15. Bh4 Qb4 16. Kh1 Nb6 17.
a5 Nc4 18. Bxc4 Qxc4 19. e5 dxe5 20. Ra4 Qb3 21. Ra3 Qc4 22. Ra4 Qb3 23. Ra3 Qc4 24.
Ra4 1/2-1/2

[Event "*** Titled Tuesday Blitz"]
[Site "Chess.com"]
[Date "2021.02.09"]
[Round "10"]
[White "erlesfar"]
[Black "ZarinaShafigullina"]
[Result "1-0"]
[WhiteElo "2556"]
[BlackElo "2427"]
[TimeControl "180+1"]
[EndTime "11:51:06 PST"]
[Termination "erlesfar won by resignation"]

1. e4 c5 2. d4 cxd4 3. c3 dxc3 4. Nxc3 Nc6 5. Nf3 d6 6. Bc4 Nf6 7. e5 dxe5 8. Qxd8+ Kxd8 9. Ng5 Nd4 10. Nxf7+ Kc7 11.
O-O Rg8 12. Nxe5 Be6 13. Bf4 Bxc4 14. Nxc4+ Kc6 15. Rfd1 Ne6 16. Ne5+ Kc7 17. Bg3 Nh5 18. Nb5+ Kb6 19. a4 Nxg3 20. hxg3 a6 21. Nd7+ Kc6 22.
Rac1+ 1-0

[Event "*** Titled Tuesday Blitz"]
[Site "Chess.com"]
[Date "2021.02.09"]
[Round "10"]
[White "ljuks68"]
[Black "enriquebutti"]
[Result "1-0"]
[WhiteElo "2382"]
[BlackElo "2195"]
[TimeControl "180+1"]
[EndTime "11:51:17 PST"]
[Termination "ljuks68 won by resignation"]

1. e4 c5 2. Nf3 d6 3. d4 cxd4 4. Nxd4 Nf6 5. Nc3 a6 6. Bg5 e6 7. f4 b5 8. e5 dxe5 9. fxe5 Qc7 10. Qe2 Nfd7 11. O-O-O b4 12. Ncb5 axb5 13. Nxb5 Qa5 14. Qc4 Na6 15. Be2 Nac5 16. Bf3 Rb8 17. Bc6 Ba6 18. Bxd7+ Nxd7 19. Nc7+ Qxc7 20. Qxc7 1-0

[Event "*** Titled Tuesday Blitz"]
[Site "Chess.com"]
[Date "2021.02.09"]
[Round "10"]
[White "tylityli"]
[Black "HouseOfDurin"]
[Result "1-0"]
[WhiteElo "2278"]
[BlackElo "2111"]
[TimeControl "180+1"]
[EndTime "11:51:44 PST"]
[Termination "tylityli won by resignation"]

1. d4 Nf6 2. c4 c5 3. d5 b5 4. Nd2 bxc4 5. e4 d6 6. Bxc4 Nbd7 7. Ngf3 g6 8. b3 Bg7 9. Bb2 O-O 10. O-O a5 11. a4 Ba6 12. Qc2 Bxc4 13. bxc4 Ne8 14. Bxg7 Kxg7 15. Qc3+ Kg8 16. e5 Nxe5 17. Nxe5 dxe5 18.
Qxe5 Qd6 19. Rfe1 Ra7 20. Rab1 Qxe5 21. Rxe5 Nd6 22. Rb5 Nxb5 23. cxb5 e6 24. Nc4 exd5 25.
Rxd5 Rc8 26. b6 Re7 27. Kf1 Re4 28. Nd6 Rd8 29. Nxe4 Rxd5 30. Nf6+ 1-0

[Event "*** Titled Tuesday Blitz"]
[Site "Chess.com"]
[Date "2021.02.09"]
[Round "10"]
[White "Orest_Vovk"]
[Black "azikom"]
[Result "0-1"]
[WhiteElo "2418"]
[BlackElo "2634"]
[TimeControl "180+1"]
[EndTime "11:51:49 PST"]
[Termination "azikom won by resignation"]

1. e4 c5 2. g3 d6 3. Bg2 g6 4. Ne2 Bg7 5. O-O Nc6 6. c3 e5 7. d3 Nge7 8. h3 O-O 9. f4 d5 10. Be3 dxe4 11. dxe4 b6 12. Na3 exf4 13. gxf4 Qxd1 14. Rfxd1 Ba6 15. Kf2 Rad8 16. e5 f6 17. Rd6 fxe5 18. Rxc6 exf4 19. Nxf4 Nxc6 20. Bxc6 g5 21.
Kg3 gxf4+ 22. Bxf4 Rd3+ 23. Kg4 Bc8+ 24. Kg5 Rf5+ 0-1

[Event "*** Titled Tuesday Blitz"]
[Site "Chess.com"]
[Date "2021.02.09"]
[Round "10"]
[White "DenLaz"]
[Black "Ave_Mariia"]
[Result "1-0"]
[WhiteElo "2773"]
[BlackElo "2490"]
[TimeControl "180+1"]
[EndTime "11:51:50 PST"]
[Termination "DenLaz won by resignation"]

1. Nf3 c5 2. c4 Nc6 3. Nc3 g6 4. g3 Bg7 5. Bg2 e5 6. O-O d6 7. d3 Nge7 8. a3 a5 9. Ne1 Be6 10. Nd5 a4 11. Nc3 O-O 12. Nxa4 f5 13. Nc3 f4 14. Nf3 Nf5 15. Ne4 Ncd4 16. Nfg5 Bd7 17. e3 fxe3 18. fxe3 Ne6 19. Nxe6 Bxe6 20. Bd2 b6 21. Qe2 Qe7 22. Nc3 Rf7 23. Bxa8 1-0

[Event "*** Titled Tuesday Blitz"]
[Site "Chess.com"]
[Date "2021.02.09"]
[Round "10"]
[White "PotapovaM"]
[Black "Euwe1234"]
[Result "1-0"]
[WhiteElo "2630"]
[BlackElo "2470"]
[TimeControl "180+1"]
[EndTime "11:51:51 PST"]
[Termination "PotapovaM won by checkmate"]

1. d4 d5 2. c4 e6 3. Nc3 c6 4.
Nf3 Nf6 5. Bg5 dxc4 6. e4 b5 7. e5 h6 8. Bh4 g5 9. Nxg5 hxg5 10. Bxg5 Nbd7 11. exf6 Bb7 12. g3 c5 13. d5 b4 14.
dxe6 Bxh1 15. exf7+ Kxf7 16. Bxc4+ Kg6 17. h4 Nxf6 18.
Qc2+ Kg7 19. Ne2 Be7 20. Nf4 Qd6 21. Qg6+ Kf8 22. Qf7# 1-0

[Event "*** Titled Tuesday Blitz"]
[Site "Chess.com"]
[Date "2021.02.09"]
[Round "10"]
[White "davigator"]
[Black "Lion-Al-Messi"]
[Result "0-1"]
[WhiteElo "2357"]
[BlackElo "2526"]
[TimeControl "180+1"]
[EndTime "11:52:18 PST"]
[Termination "Lion-Al-Messi won by resignation"]

1. e4 b6 2. d4 Bb7 3. Nc3 e6 4. a3 Nf6 5. Bd3 c5 6. dxc5 Bxc5 7.
Nf3 Nc6 8. O-O a6 9. h3 Qc7 10. Re1 O-O-O 11. b4 Bd6 12. b5 Ne5 13. bxa6 Bc6 14.
Nb5 Bxb5 15. Bxb5 Bc5 16. Bf4 Nxf3+ 17. Qxf3 e5 18. Bg5 d5 19. exd5 e4 20. Qf5+ Kb8 21. Bxf6 gxf6 22. Rxe4 Rhg8 23. Rae1 Qg3 24. Qf4+ Qxf4 25.
Rxf4 Rxd5 26. Bd3 Rdg5 27. g4 h5 28. Be2 hxg4 29. hxg4 f5 30. Kf1 Rh8 31. Bf3 fxg4 32. Rxg4 Rxg4 33. Bxg4 Ka7 34. Be2 Rh1+ 0-1

[Event "*** Titled Tuesday Blitz"]
[Site "Chess.com"]
[Date "2021.02.09"]
[Round "10"]
[White "Fiona"]
[Black "Unknown_IM"]
[Result "0-1"]
[WhiteElo "2143"]
[BlackElo "2350"]
[TimeControl "180+1"]
[EndTime "11:52:25 PST"]
[Termination "Unknown_IM won by resignation"]

1. e4 e5 2. Bc4 Nc6 3. d3 Nf6 4. Nc3 Bc5 5. f4 d6 6. Nf3 Bg4 7. h3 Bxf3 8. Qxf3 Nd4 9. Qg3 Nxc2+ 10. Kd1 Nxa1 11. Qxg7 Rf8 12. f5 d5 13. Bxd5 c6 14. Bg5 Be7 15. Bc4 b5 16. Nxb5 cxb5 17. Bxb5+ Nd7 18.
f6 Bd6 19. Ke2 Nc2 0-1

[Event "*** Titled Tuesday Blitz"]
[Site "Chess.com"]
[Date "2021.02.09"]
[Round "10"]
[White "Srisshhhtea"]
[Black "igorcadilhac"]
[Result "1-0"]
[WhiteElo "2509"]
[BlackElo "2322"]
[TimeControl "180+1"]
[EndTime "11:52:30 PST"]
[Termination "Srisshhhtea won by resignation"]

1. d4 Nf6 2. c4 e6 3. Nf3 b6 4.
a3 Bb7 5. Nc3 Be7 6. d5 O-O 7. e4 exd5 8. cxd5 Re8 9. Bd3 c6 10.
O-O Na6 11. Bc2 Bf8 12. d6 Nc5 13. e5 Ba6 14. Re1 Re6 15. Ng5 Rxe5 16. Rxe5 Bxd6 17. Qxd6 Ng4 1-0

[Event "*** Titled Tuesday Blitz"]
[Site "Chess.com"]
[Date "2021.02.09"]
[Round "10"]
[White "zurzan"]
[Black "CHENNAIBOND"]
[Result "1-0"]
[WhiteElo "1997"]
[BlackElo "1666"]
[TimeControl "180+1"]
[EndTime "11:52:31 PST"]
[Termination "zurzan won on time"]

1. f4 d5 2. Nf3 g6 3. g3 Bg7 4. Bg2 c5 5. O-O Nc6 6. d3 Nf6 7. c3 O-O 8. Qc2 Bf5 9. Nh4 Be6 10. f5 Bd7 11. fxg6 fxg6 12. e4 d4 13. Qb3+ Kh8 14.
Na3 e5 15. Bg5 Na5 16. Qc2 b5 17. Rad1 Rc8 18. Qe2 1-0

[Event "*** Titled Tuesday Blitz"]
[Site "Chess.com"]
[Date "2021.02.09"]
[Round "10"]
[White "SKLGgonkom"]
[Black "Grimlock_Glasgow"]
[Result "0-1"]
[WhiteElo "2354"]
[BlackElo "2478"]
[TimeControl "180+1"]
[EndTime "11:52:33 PST"]
[Termination "Grimlock_Glasgow won by resignation"]

1. Nf3 d5 2. g3 Nc6 3. d4 Bg4 4. Bg2 Qd7 5. h3 Bxf3 6. Bxf3 Nf6 7. c4 dxc4 8. e3 O-O-O 9. Qa4 e5 10. Qxc4 exd4 11.
O-O Ne5 12. Qe2 d3 13. Qd1 Nxf3+ 14. Qxf3 Qxh3 15. Nd2 h5 16. Qg2 Qe6 17. b3 h4 18.
Bb2 hxg3 19. Qxg3 Bd6 20. f4 Rh3 21. Qf2 Ng4 22. Qg2 Qxe3+ 23. Rf2 Rg3 0-1

[Event "*** Titled Tuesday Blitz"]
[Site "Chess.com"]
[Date "2021.02.09"]
[Round "10"]
[White "Firouzja2003"]
[Black "TigrVShlyape"]
[Result "1/2-1/2"]
[WhiteElo "3013"]
[BlackElo "2845"]
[TimeControl "180+1"]
[EndTime "11:52:39 PST"]
[Termination "Game drawn by repetition"]

1. d4 d5 2. Nd2 Nf6 3. Nb3 c6 4. Bf4 Bf5 5. e3 Nbd7 6. Nf3 e6 7. Be2 h6 8. h3 a5 9. a3 a4 10. Nc1 Qa5+ 11. c3 b5 12. O-O Be7 13. Bd3 Bxd3 14.
Nxd3 O-O 15. Nfe5 Rac8 16. Qf3 Qa8 17. Qg3 Nh5 18. Qf3 Nhf6 19. Rad1 c5 20. Rfe1 Nxe5 21. Bxe5 c4 22. Bxf6 Bxf6 23. Nf4 Bg5 24. e4 Bxf4 25. Qxf4 dxe4 26. Rxe4 Rcd8 27. Rde1 Rd5 28. Re5 Rfd8 29. Qf3 Rxe5 30. Rxe5 Qxf3 31. gxf3 Rd5 32. f4 Kf8 33. Kg2 Ke7 34. Kf3 g6 35. Ke4 Kd6 36. Kf3 f6 37.
Re1 Ke7 38. h4 Kf7 39. Kg3 Rf5 40. Re2 Rd5 41. Re1 Rf5 42. Re2 Rd5 43. Re1 1/2-1/2

[Event "*** Titled Tuesday Blitz"]
[Site "Chess.com"]
[Date "2021.02.09"]
[Round "10"]
[White "night_player"]
[Black "WilliamSchill"]
[Result "1-0"]
[WhiteElo "2170"]
[BlackElo "1977"]
[TimeControl "180+1"]
[EndTime "11:52:41 PST"]
[Termination "night_player won by resignation"]

1. e4 c5 2. c3 e6 3. d4 d5 4. exd5 exd5 5. Nf3 Nc6 6. Bd3 Bd6 7. h3 Nge7 8. O-O O-O 9. Re1 cxd4 10. cxd4 Bf5 11. Nc3 Bxd3 12. Qxd3 h6 13. Ne5 Rc8 14.
Bf4 Nxe5 15. dxe5 Bc5 16. Qg3 Ng6 17. Bd2 Qd7 18. e6 Qd6 19. Qxd6 Bxd6 20. Nxd5 Rc2 21. Bc3 fxe6 22. Rxe6 Nf4 23. Rxd6 Ne2+ 24. Kh2 Rxf2 25. Rg6 Nxc3 26. bxc3 Kh7 27. Rg3 g5 28. a4 1-0

[Event "*** Titled Tuesday Blitz"]
[Site "Chess.com"]
[Date "2021.02.09"]
[Round "10"]
[White "RafalBRC"]
[Black "ChelsieMonica"]
[Result "1-0"]
[WhiteElo "2127"]
[BlackElo "2331"]
[TimeControl "180+1"]
[EndTime "11:52:47 PST"]
[Termination "RafalBRC won on time"]

1. d4 f5 2. c4 e6 3. Nc3 Nf6 4. g3 g6 5. Bg2 Bg7 6. Nf3 O-O 7. O-O d5 8. Bf4 c6 9. Ne5 Nbd7 10. Qb3 Ne4 11.
cxd5 cxd5 12. Nxe4 fxe4 13. f3 Nxe5 14. dxe5 g5 15.
Bd2 Bxe5 16. fxe4 Bd4+ 17. e3 Bb6 18. exd5 Rxf1+ 19. Rxf1 Bd7 20. Kh1 e5 21. d6+ Kh8 22. Bc3 Qe8 23. Qd5 Bc6 24. Bxe5+ 1-0

[Event "*** Titled Tuesday Blitz"]
[Site "Chess.com"]
[Date "2021.02.09"]
[Round "10"]
[White "Agibileg"]
[Black "Anurag328"]
[Result "0-1"]
[WhiteElo "2514"]
[BlackElo "2653"]
[TimeControl "180+1"]
[EndTime "11:52:51 PST"]
[Termination "Anurag328 won by checkmate"]

1. d4 g6 2. c4 Bg7 3. e4 e6 4. Nc3 Ne7 5. Be2 d5 6. cxd5 exd5 7. e5 c5 8. f4 cxd4 9. Qxd4 Nbc6 10. Qd1 O-O 11. Nf3 d4 12. Ne4 Bf5 13. Nd6 Nb4 14. Kf2 d3 15. Bf1 f6 16. Qb3+ Ned5 17. Bd2 fxe5 18. Bxb4 Qb6+ 19. Kg3 exf4+ 20. Kh4 Qd8+ 21.
Ng5 Qxg5+ 22. Kxg5 h6+ 23. Kh4 Bf6# 0-1

[Event "*** Titled Tuesday Blitz"]
[Site "Chess.com"]
[Date "2021.02.09"]
[Round "10"]
[White "Gloomy_Wanderer"]
[Black "mishanick"]
[Result "0-1"]
[WhiteElo "2734"]
[BlackElo "2928"]
[TimeControl "180+1"]
[EndTime "11:52:53 PST"]
[Termination "mishanick won by resignation"]

1. d4 Nf6 2. Nf3 d5 3. c4 e6 4. g3 Be7 5. Bg2 O-O 6. O-O Nbd7 7. Qc2 c6 8. Nbd2 b6 9. e4 Ba6 10. b3 Rc8 11. Bb2 c5 12. exd5 exd5 13. Rfd1 dxc4 14.
Nxc4 Re8 15. d5 b5 16. Nce5 Bd6 17. Nc6 Qc7 18. Qf5 g6 19. Qg5 Ne4 20. Qh4 Bf8 21.
Nfe5 Nxe5 22. Bxe5 Rxe5 23. Nxe5 Nxf2 24. Re1 Bg7 25.
d6 Qxd6 26. Rad1 Nxd1 0-1

[Event "*** Titled Tuesday Blitz"]
[Site "Chess.com"]
[Date "2021.02.09"]
[Round "10"]
[White "ketster"]
[Black "FontVella8"]
[Result "1-0"]
[WhiteElo "2467"]
[BlackElo "2566"]
[TimeControl "180+1"]
[EndTime "11:52:54 PST"]
[Termination "ketster won by resignation"]

1. d4 d5 2. c4 c6 3. Nf3 Nf6 4. g3 e6 5. Bg2 dxc4 6. O-O b5 7.
Ne5 Bb7 8. a4 Qb6 9. Nc3 Be7 10.
e4 O-O 11. Be3 Nbd7 12. d5 Qc7 13. Nxc6 Bxc6 14. dxc6 Ne5 15. axb5 Rfd8 16. Qe2 Nd3 17. Ra4 a6 18. Rxc4 Ne5 19. b6 Qd6 20. c7 Re8 21.
Ra4 Qc6 22. Rc1 Nfd7 23. Rxa6 Bc5 24. Rxa8 Rxa8 25. Nd1 Qxb6 26. Bxc5 Nxc5 27. Qe3 Ned3 28.
Rc3 Qd6 29. e5 Qxc7 30. Bxa8 1-0

[Event "*** Titled Tuesday Blitz"]
[Site "Chess.com"]
[Date "2021.02.09"]
[Round "10"]
[White "Cambek64"]
[Black "Balla_Tamas"]
[Result "0-1"]
[WhiteElo "2346"]
[BlackElo "2474"]
[TimeControl "180+1"]
[EndTime "11:53:01 PST"]
[Termination "Balla_Tamas won by resignation"]

1. e4 c5 2. Nc3 e6 3. Nf3 a6 4. d4 cxd4 5. Nxd4 Qc7 6. Bd3 Bc5 7. Nb3 Ba7 8. Qe2 d6 9. Be3 Nd7 10. Bxa7 Rxa7 11. a4 Ngf6 12. O-O e5 13. f4 exf4 14. Nd5 Nxd5 15. exd5+ Ne5 16. Rxf4 O-O 17. Qe4 f5 18.
Qd4 b6 19. a5 b5 20. Qb6 Rb7 21. Qxa6 Rb8 22. Nd4 Bxa6 0-1

[Event "*** Titled Tuesday Blitz"]
[Site "Chess.com"]
[Date "2021.02.09"]
[Round "10"]
[White "Azerichess"]
[Black "DrVelja"]
[Result "1-0"]
[WhiteElo "2984"]
[BlackElo "2829"]
[TimeControl "180+1"]
[EndTime "11:53:04 PST"]
[Termination "Azerichess won by resignation"]

1. c4 Nf6 2. Nc3 g6 3. e4 e5 4. g3 Bg7 5. Bg2 O-O 6. Nge2 d6 7. O-O Nc6 8. d3 Nd7 9. f4 f5 10. exf5 gxf5 11. h3 Nc5 12. Kh2 Kh8 13. Be3 Ne6 14.
Qd2 Ncd4 15. Rae1 c6 16. fxe5 dxe5 17. Bh6 Bxh6 18. Qxh6 Nc2 19. Rc1 Qxd3 20. Rxc2 Qxc2 21. Be4 Qxb2 22. Rxf5 Bd7 23. Rf6 1-0

[Event "*** Titled Tuesday Blitz"]
[Site "Chess.com"]
[Date "2021.02.09"]
[Round "10"]
[White "jaramsdal"]
[Black "MFguimaraes"]
[Result "1/2-1/2"]
[WhiteElo "2310"]
[BlackElo "2419"]
[TimeControl "180+1"]
[EndTime "11:53:05 PST"]
[Termination "Game drawn by repetition"]

1. d4 f5 2. Bg5 Nf6 3. Nc3 d5 4.
f3 e6 5. e4 fxe4 6. fxe4 dxe4 7. Nxe4 Be7 8. Bxf6 Bxf6 9. Nf3 Nc6 10. Nxf6+ Qxf6 11. Bb5 Bd7 12. O-O O-O 13. Bxc6 Bxc6 14. Ne5 Qxf1+ 15.
Qxf1 Rxf1+ 16. Rxf1 Be4 17. c3 Rf8 18. Rxf8+ Kxf8 19. g3 Ke7 20. Kf2 Bb1 21. a3 Kd6 22. Ke3 c5 23. Nc4+ Kd5 24. Ne5 cxd4+ 25. cxd4 a5 26.
h4 h6 27. g4 Bc2 28. g5 hxg5 29.
hxg5 Bf5 30. Nf3 Bg4 31. Nd2 Bf5 32. Nf3 Bg4 33. Ne5 Bf5 34. Nf3 1/2-1/2

[Event "*** Titled Tuesday Blitz"]
[Site "Chess.com"]
[Date "2021.02.09"]
[Round "10"]
[White "shaheus"]
[Black "lamomiablanca"]
[Result "1-0"]
[WhiteElo "2403"]
[BlackElo "2272"]
[TimeControl "180+1"]
[EndTime "11:53:06 PST"]
[Termination "shaheus won by resignation"]

1. e4 c5 2. Nf3 Nc6 3. c3 Nf6 4. e5 Nd5 5. d4 cxd4 6. cxd4 d6 7.
Nc3 Nxc3 8. bxc3 dxe5 9. d5 Nb8 10. Nxe5 Nd7 11. Bb5 Qc7 12. Nxd7 Bxd7 13. Bxd7+ Qxd7 14.
O-O g6 15. Qd4 f6 16. Re1 Kf7 17. Re6 Rd8 18. Ba3 Bg7 19. Rxe7+ Qxe7 20. Bxe7 Kxe7 21. Re1+ Kf7 22. d6 Rd7 23. Qd5+ Kf8 24. Qe6 Rd8 25.
Qe7+ 1-0